 Dungeon Crawl Stone Soup version 0.20.1-1-g8b1a95d (webtiles) character file.

75 gobwax the Chopper (level 4, -2/39 HPs)
             Began as a Minotaur Fighter on July 4, 2017.
             Slain by Natasha (5 damage)
             ... on level 2 of the Dungeon.
             The game lasted 00:01:47 (539 turns).

gobwax the Chopper (Minotaur Fighter)                Turns: 539, Time: 00:01:47

Health: -2/39      AC:  6    Str: 21    XL:     4   Next: 11%
Magic:  3/3        EV:  7    Int: 10    God:
Gold:   78         SH:  9    Dex: 10    Spells: 3/3 levels left

rFire    . . .     SeeInvis .   a - +0 war axe
rCold    . . .     Gourm    .   c - +0 shield
rNeg     . . .     Faith    .   b - +0 scale mail
rPois    .         Spirit   .   (helmet restricted)
rElec    .         Reflect  .   (no cloak)
rCorr    .         Harm     .   (no gloves)
MR       .....                  (no boots)
Stlth    ..........             (no amulet)
Regen    0.2/turn               (no ring)
MPRegen  0.1/turn               (no ring)

@: brilliant, berserk cooldown
A: retaliatory headbutt, horns 2
a: no special abilities


You were on level 2 of the Dungeon.
You were not hungry.

You visited 1 branch of the dungeon, and saw 2 of its levels.

You collected 78 gold pieces.

Inventory:

Hand Weapons
 a - a +0 war axe (weapon)
Armour
 b - a +0 scale mail (worn)
 c - a +0 shield (worn)
Wands
 e - a wand of random effects (37/48)
Scrolls
 i - 2 scrolls of identify {unknown}
 k - a scroll of recharging {unknown}
 l - 3 scrolls of teleportation {unknown}
 m - a scroll of remove curse {unknown}
 q - a scroll of immolation {unknown}
Potions
 d - a potion of might
Comestibles
 f - a bread ration
 g - 2 royal jellies
 j - 2 meat rations


   Skills:
 - Level 3.6 Fighting
 * Level 5.3 Axes
 - Level 3.6 Armour
 - Level 3.6 Shields


You had 3 spell levels left.
You didn't know any spells.

Dungeon Overview and Level Annotations

Branches:
Dungeon (2/15)

Altars:

Annotations:
D:2 Natasha


Innate Abilities, Weirdness & Mutations

You reflexively headbutt those who attack you in melee.
You have a pair of horns on your head.


Message History

* * * LOW HITPOINT WARNING * * *
You barely miss Natasha.
Natasha is heavily wounded.
Natasha claws you but does no damage. Natasha closely misses you.
Your shield prevents you from hitting Natasha.
Your headbutt misses Natasha.
Natasha is heavily wounded.
You block Natasha's attack. Natasha barely misses you. You furiously retaliate!
You headbutt Natasha! You closely miss Natasha.
Natasha is almost dead.
You feel yourself speed up. Natasha claws you but does no damage.
Natasha casts a spell at you. The magic dart hits you!
* * * LOW HITPOINT WARNING * * *
You closely miss Natasha.
Natasha is almost dead.
Natasha claws you.
You die...

#............#
######.
#######......#
#......
###).....#
#......
#........#
#......
#######.########
#......
#.$............#
#......
#.######5#####.
#...... #h#
.####......
#@###
...........
#)†.# #.........
#...# ##...#.##.
....# #...#.##.
.#...# ....
#.... ..#...#
.##. ##### ##
#...# #####


You could see Natasha and a shadow imp.

Vanquished Creatures
  Natasha (D:2)
  Robin (D:2)
  An adder (D:2)
  A worm (D:2)
  A giant cockroach (D:2)
  10 goblins (D:2)
  5 hobgoblins (D:2)
  A bat (D:2)
  A frilled lizard (D:2)
  3 kobolds
  A rat (D:2)
26 creatures vanquished.

Notes
Turn   | Place    | Note
-------+----------+-------------------------------------------
     0 | D:1      | gobwax the Minotaur Fighter began the quest for the Orb.
     0 | D:1      | Reached XP level 1. HP: 19/19 MP: 0/0
   119 | D:1      | You fall through a shaft!
   182 | D:2      | Noticed Natasha
   187 | D:2      | Noticed a crimson imp
   190 | D:2      | Killed Natasha
   190 | D:2      | Reached skill level 4 in Axes
   190 | D:2      | Reached XP level 2. HP: 20/26 MP: 1/1
   197 | D:2      | Reached XP level 3. HP: 23/31 MP: 2/2
   501 | D:2      | Noticed Robin
   502 | D:2      | Reached skill level 5 in Axes
   516 | D:2      | Killed Robin
   516 | D:2      | Reached XP level 4. HP: 8/39 MP: 3/3
   530 | D:2      | Noticed Natasha
   539 | D:2      | Slain by Natasha

Skill      XL: |  1  2  3 |
---------------+----------+-----
Axes           | 4 5 |  5.3
Fighting       | |  3.6
Armour         | |  3.6
Shields        | |  3.6

Action                   |  1- 3 |  4- 6 || total
-------------------------+-------+-------++-------
Melee: War axe           |    55 |     6 ||    61
       Headbutt          |     7 |       ||     7
  Use: Potion            |     2 |     2 ||     4
Armor: Scale mail        |    23 |     3 ||    26
Dodge: Dodged            |    17 |     4 ||    21
Block: Shield            |    28 |     1 ||    29
